 Dungeon Crawl Stone Soup version 0.17-a0-1409-ge6d9485 (webtiles) character file.

3909 patman the Fighter (level 10, -1/82 HPs)
             Began as a Mummy Gladiator on June 21, 2015.
             Was a Priest of Ru.
             Slain by a killer bee (4 damage)
             ... on level 9 of the Dungeon on June 22, 2015.
             The game lasted 00:45:35 (11861 turns).

patman the Fighter (Mummy Gladiator)               Turns: 11861, Time: 00:45:35

Health: -1/82      AC: 23    Str: 18    XL:     10   Next: 1%
Magic:  10/10      EV:  6    Int:  9    God:    Ru [***...]
Gold:   485        SH:  0    Dex: 15    Spells: 0 memorised, 9 levels left

rFire  x . .     SeeInvis .     a - +1 quarterstaff
rCold  + . .     Clarity  .     B - +0 plate armour
rNeg   + + +     SustAt   .     (no shield)
rPois  ∞         Gourm    .     c - +0 helmet
rElec  .         Spirit   .     o - +2 cloak
rCorr  .         Warding  .     m - +2 pair of gloves
rMut   .         Stasis   .     x - +1 pair of boots
MR     +....                    (no amulet)
Stlth  ..........               (no ring)
                                (no ring)

@: drained, somewhat resistant to hostile enchantments, extremely unstealthy
A: no food or potions, fire vulnerability, cold resistance 1, negative energy
resistance 3, torment resistance, unbreathing, inexperienced 1, missing an eye
a: Draw Out Power, Renounce Religion


You were on level 9 of the Dungeon.
You worshipped Ru.
Ru was most pleased with you.
You were not hungry.

You visited 1 branch of the dungeon, and saw 10 of its levels.
You also visited: Ossuary.

You collected 485 gold pieces.

Inventory:

Hand weapons
 a - a +1 quarterstaff (weapon)
 b - a +0 whip of venom
 e - a +2 whip of electrocution
 t - a +0 blowgun
Missiles
 l - 197 stones
 p - 3 curare-tipped needles
 q - 2 throwing nets (quivered)
 u - 48 poisoned needles
Armour
 c - a +0 helmet (worn)
 m - a +2 pair of gloves (worn)
 o - a +2 cloak (worn)
 x - a +1 pair of boots (worn)
 B - a +0 plate armour (worn)
Magical devices
 n - a wand of confusion (3)
 r - a wand of magic darts (9)
Scrolls
 d - a scroll of noise
 f - 6 scrolls of fog
 g - 4 scrolls of teleportation
 h - 2 scrolls of remove curse
 i - 2 scrolls of magic mapping
 j - 4 scrolls of immolation
 k - a scroll of recharging
 s - 4 scrolls of amnesia
 v - 3 scrolls of fear
 y - 2 scrolls of identify
 A - a scroll of blinking


   Skills:
 * Level 8.6(8.2) Fighting
 - Level 7.6(7.3) Staves
 - Level 1.5(1.2) Throwing
 * Level 6.7(6.4) Armour
 - Level 2.4(2.0) Dodging


You had 9 spell levels left.
You didn't know any spells.

Dungeon Overview and Level Annotations

Branches:
Dungeon (10/15)            Temple (0/1) D:4            Lair (0/8) D:10
    Orc: D:9-12

Altars:
Ashenzari
Dithmenos
Fedhas
Gozag
Makhleb
Nemelex Xobeh
Ru
Sif Muna
Trog
Vehumet
Xom
The Shining One

Shops:
D:5 (

Annotations:
D:3 1 exclusion
D:4 Oddysee's ghost, average TrMo; Pikel


Innate Abilities, Weirdness & Mutations

You do not eat or drink.
Your flesh is vulnerable to fire.
You are immune to poison.
Your flesh is cold resistant.
You are immune to negative energy.
You are immune to unholy pain and torment.
You can survive without breathing.
You are somewhat inexperienced (-2 XL).
You are missing an eye, making it more difficult to aim.


Message History

The killer bee is severely wounded.
The killer bee stings you but does no damage. x2
Your plate armour prevents you from hitting the killer bee.
The killer bee is severely wounded.
The killer bee closely misses you. The killer bee barely misses you.
You completely miss the killer bee.
The killer bee is severely wounded.
The killer bee barely misses you.
You miss the killer bee.
The killer bee is severely wounded.
The killer bee closely misses you. The killer bee stings you.
* * * LOW HITPOINT WARNING * * *
You barely miss the killer bee.
The killer bee is severely wounded.
The killer bee stings you but does no damage. x2
You completely miss the killer bee.
The killer bee is severely wounded.
The killer bee stings you but does no damage.
The killer bee stings you.
You die...

####################
#........'.....#....
#........#.....#....
#........#....)#....
#........#.....)....
#........#....)#....
#..y.>...#.....#.... ####
#####y###.##....###+## ...#
#....@..#.#####+###... ...#
#.......#.......#..... ...#
#.......'.......#..... ...#
#.......#.......#..... ...#
#.......#.......#..... ...#
#.......#.......+..... ...#
#.......#.......#.....
...#########.......#'##....###...
†#.............#+###.##+######'##


You could see 2 killer bees.

Vanquished Creatures
  A troll (D:9)
  Grinder (D:6)
  A wyvern (D:10)
  Menkaure (D:5)
  Edmund (D:4)
  A water moccasin (D:8)
  A black bear (D:6)
  4 ice beasts
  4 slaves
  2 orc warriors
  2 sky beasts
  2 ogres (D:7)
  A phantom (D:3)
  2 centaurs
  2 big kobolds
  5 giant frogs
  2 jellies
  2 scorpions
  3 wights (D:9)
  A killer bee (D:9)
  2 crimson imps
  A centaur zombie (Ossuary)
  2 giant frog zombies
  A human zombie (Ossuary)
  4 orc wizards
  An orc priest (D:7)
  4 worker ants
  5 hounds
  An iguana (D:6)
  A killer bee zombie (D:6)
  2 big kobold zombies (Ossuary)
  A hound zombie (D:6)
  2 mummies (Ossuary)
  3 gnolls (D:6)
  9 adders
  3 shadow imps
  An ooze (D:5)
  2 worms
  An adder skeleton (D:6)
  An adder zombie (Ossuary)
  26 orcs
  4 ball pythons
  15 bats
  5 giant cockroaches
  11 hobgoblins
  8 jackals
  21 kobolds
  A giant cockroach zombie (D:5)
  3 giant geckos
  7 giant newts
  15 goblins
  A goblin skeleton (D:8)
  4 goblin zombies (Ossuary)
  13 hobgoblin zombies
  A jackal skeleton (D:7)
  A jackal zombie (Ossuary)
  3 kobold skeletons (D:8)
  8 kobold zombies (Ossuary)
  2 orc skeletons (D:8)
  9 orc zombies
  5 quokkas
  3 quokka skeletons
  A quokka zombie (D:9)
  14 rats
  A rat zombie (Ossuary)
268 creatures vanquished.

Vanquished Creatures (others)
  A water moccasin zombie (D:5)
  A hound (D:7)
  A worker ant (D:6)
  2 orcs (D:7)
  A kobold (D:9)
6 creatures vanquished.

Grand Total: 274 creatures vanquished

Notes
Turn   | Place    | Note
--------------------------------------------------------------
     0 | D:1      | patman the Mummy Gladiator began the quest for the Orb.
     0 | D:1      | Reached XP level 1. HP: 16/16 MP: 1/1
   625 | D:1      | Reached XP level 2. HP: 20/22 MP: 2/2
   693 | D:2      | Found a shattered altar of Ashenzari.
   704 | D:2      | Reached skill level 3 in Staves
   813 | D:2      | HP: 1/22 [worm (11)]
  1544 | D:2      | Found a sacrificial altar of Ru.
  1587 | D:2      | Became a worshipper of Ru the Awakened
  1606 | D:2      | Reached XP level 3. HP: 19/27 MP: 3/3
  2352 | D:3      | Noticed an ice beast
  2370 | D:3      | Killed an ice beast
  2370 | D:3      | Reached skill level 4 in Staves
  2370 | D:3      | Reached XP level 4. HP: 33/33 MP: 4/4
  2370 | D:3      | Reached XP level 5. HP: 38/38 MP: 5/5
  2819 | D:3      | Gained mutation: You are somewhat inexperienced (-2 XL). [Ru sacrifice]
  2819 | D:3      | Reached XP level 4. HP: 33/33 MP: 4/4
  2819 | D:3      | Reached XP level 3. HP: 27/27 MP: 3/3
  2819 | D:3      | Acquired Ru's first power
  2998 | D:3      | Reached skill level 5 in Staves
  3202 | D:3      | Noticed a phantom
  3257 | D:3      | Killed a phantom
  3257 | D:3      | Reached XP level 4. HP: 28/33 MP: 4/4
  3298 | D:4      | Noticed Menkaure
  3307 | D:4      | Noticed Oddysee's ghost (average TrMo)
  3440 | D:5      | Entered Level 5 of the Dungeon
  3440 | D:5      | Noticed a centaur
  3450 | D:5      | Killed a centaur
  3450 | D:5      | Reached XP level 5. HP: 17/38 MP: 5/5
  3945 | D:5      | Reached skill level 6 in Staves
  4188 | D:4      | Noticed a slave
  4217 | D:4      | Killed a slave
  4282 | D:4      | Noticed a slave
  4287 | D:4      | Noticed Pikel
  4287 | D:4      | Noticed a slave
  4300 | D:5      | Killed a slave
  4489 | D:5      | Killed a slave
  4632 | D:4      | Noticed a slave
  4966 | D:4      | Reached XP level 6. HP: 38/44 MP: 6/6
  5037 | D:4      | Found a staircase to the Ecumenical Temple.
  5129 | D:4      | Noticed Edmund
  5188 | D:4      | Killed Edmund
  5328 | D:4      | Killed a slave
  5642 | D:5      | Killed Menkaure
  5642 | D:5      | Reached skill level 7 in Staves
  5642 | D:5      | Reached XP level 7. HP: 50/50 MP: 7/7
  5646 | D:5      | Upgraded the game from 0.17-a0-1404-gb8113a6 to 0.17-a0-1409-ge6d9485
  5995 | D:5      | Found Fufimm's Antique Weapon Shoppe.
  6127 | D:6      | Reached skill level 1 in Armour
  6212 | D:6      | Gained mutation: You are missing an eye, making it more difficult to aim. [Ru sacrifice]
  6212 | D:6      | Acquired Ru's second power
  6212 | D:6      | Acquired Ru's third power
  6550 | D:6      | Reached XP level 8. HP: 50/58 MP: 8/8
  6630 | D:6      | Noticed Grinder
  6635 | D:6      | Paralysed by Grinder for 2 turns
  6675 | D:6      | Paralysed by Grinder for 3 turns
  6683 | D:6      | Killed Grinder
  6966 | D:6      | Found a burning altar of Makhleb.
  7074 | D:7      | Reached skill level 5 in Fighting
  7446 | D:7      | Found a sand-covered staircase.
  7517 | Ossuary  | Entered an ossuary
  8324 | D:7      | Reached XP level 9. HP: 62/69 MP: 9/9
  8784 | D:7      | Reached skill level 5 in Armour
  9099 | D:8      | Found a glowing golden altar of the Shining One.
  9694 | D:8      | Found a bloodstained altar of Trog.
  9697 | D:8      | Found an opulent altar of Gozag.
  9698 | D:8      | Found a radiant altar of Vehumet.
  9698 | D:8      | Found a blossoming altar of Fedhas.
  9698 | D:8      | Found a shadowy altar of Dithmenos.
  9699 | D:8      | Found a sparkling altar of Nemelex Xobeh.
  9859 | D:8      | Found a deep blue altar of Sif Muna.
 10546 | D:9      | Found a shimmering altar of Xom.
 10623 | D:9      | Reached skill level 8 in Fighting
 11080 | D:10     | Entered Level 10 of the Dungeon
 11107 | D:10     | Found a staircase to the Lair.
 11543 | D:10     | Reached XP level 10. HP: 48/82 MP: 10/10
 11711 | D:10     | Noticed a hill giant
 11824 | D:9      | HP: 3/82 [killer bee (5)]
 11843 | D:9      | HP: 2/82 [killer bee (4)]
 11859 | D:9      | HP: 3/82 [killer bee (2)]
 11861 | D:9      | Slain by a killer bee

Vault maps used:
D:1:      dpeg_arrival_three_smaller_balls
D:2:      nicolae_overflow_crystal_walls, lemuel_crystal_altar, glass_columns_b,
          minmay_vboxes
D:3:      nicolae_overflow_hidden_temple, serial_co_window_serial,
          co_window_of_opportunity_a, co_window_paths_b, co_window_paths_b,
          co_window_paths_a, co_window_paths_a, co_window_of_opportunity_a,
          co_window_paths_b, co_window_corner_b, co_window_broadway_c,
          co_window_broadway_a, co_window_corner_b, co_window_corner_b,
          co_window_unsneaky_path_a, glass_columns_b, glass_columns_c,
          first_bread, uniq_crazy_yiuf_cottage
D:4:      minmay_temple_entry_hall, serial_shops, kennysheep_mini,
          uniq_menkaure, uniq_pikel, uniq_edmund
D:5:      serial_shops, kennysheep_mini_moat, kennysheep_small_circle
D:6:      lightli_temple_of_fire, uniq_grinder
D:7:      enter_ossuary_2, grunt_ogre_cave, minivault_14
D:8:      nicolae_tso_besieged_by_evil, kennysheep_little_box,
          grunt_temple_overflow_open
D:9:      lemuel_crystal_altar
D:10:     wad_crossroads, orc_0_dummy, nicolae_trove_entry_crystal,
          kennysheep_nub, uniq_snorg
Ossuary:  ossuary_tomb_1

Action                   |  1- 3 |  4- 6 |  7- 9 | 10-12 || total
-------------------------+-------+-------+-------+-------++-------
Melee: Quarterstaff      |   160 |   208 |    83 |    34 ||   485
       Whip              |       |       |  1333 |    62 ||  1395
 Fire: Blowgun           |       |       |    14 |       ||    14
Throw: Throwing net      |     2 |     2 |     1 |       ||     5
Invok: Sacrifice Experie |     1 |       |       |       ||     1
       Sacrifice an Eye  |       |       |     1 |       ||     1
       Draw Out Power    |       |       |     1 |     1 ||     2
       Reject Sacrifices |       |       |     1 |       ||     1
Evoke: Wand              |       |    13 |     7 |       ||    20
  Use: Scroll            |     6 |     5 |     9 |       ||    20
 Stab: Distracted        |     1 |       |     2 |       ||     3
       Held in net/web   |     1 |       |       |       ||     1
       Confused          |       |    11 |     1 |       ||    12
       Invisible         |       |       |     7 |       ||     7
       Paralysed         |       |       |     2 |       ||     2
